A- WEST
LAKE ELSINORE STORM @ FRESNO GRIZZLIES
05/05/2042
 
TOP OF THE 1ST
Lake Elsinore Storm batting - Pitching for Fresno Grizzlies : RHP Cameron Chivers
Pitching: RHP Cameron Chivers
Batting: RHB Álex Herrera 0-0: Called Strike
0-1: Ball
1-1: Ball
2-1: Ball
3-1: Base on Balls
Batting: LHB Juan Fernández 0-0: Called Strike
Álex Herrera steals 2nd base
0-1: Called Strike
0-2: Ball
1-2: Ball
2-2: Ball
3-2: SINGLE (Flyball, 8RS, EV 98.8 MPH)
Álex Herrera to third
Runner from 3rd tries for Home, throw by CF and OUT! 8-2
Batting: LHB Rory Lowe 0-0: Called Strike
0-1: Foul Ball, location: 3FF
0-2: Strikes out swinging
Batting: RHB Bob Parks 0-0: Ball
Juan Fernández steals 2nd base
1-0: Foul Ball, location: 5FF
1-1: Ball
2-1: Ball
3-1: DOUBLE (Line Drive, 5D, EV 103.8 MPH)
Juan Fernández scores
Batting: LHB Greg Moran 0-0: Ball
1-0: Ball
2-0: Ball
3-0: Called Strike
3-1: Base on Balls
Batting: RHB Randy Lang 0-0: Ball
1-0: Called Strike
1-1: Ball
2-1: Ball
3-1: Foul Ball, location: 5SF
3-2: Strikes out swinging
Top of the 1st over - 1 run, 2 hits, 0 errors, 2 left on base; Lake Elsinore 1 - Fresno 0
BOTTOM OF THE 1ST
Fresno Grizzlies batting - Pitching for Lake Elsinore Storm : RHP Jerry Myers
Pitching: RHP Jerry Myers
Batting: LHB Luis Solís 0-0: Ball
1-0: Called Strike
1-1: Foul Ball, location: 23F
1-2: Foul Ball, location: 23F
1-2: Strikes out looking
Batting: RHB Jimmy Tessier 0-0: Ball
1-0: Ground out 4-3 (Groundball, 34, EV 99.4 MPH)
Batting: RHB Juan Colón 0-0: SINGLE (Groundball, P, EV 91.3 MPH) (infield hit)
Batting: LHB Esteban Rivera 0-0: Called Strike
Juan Colón steals 2nd base
0-1: Called Strike
0-2: Foul Ball, location: 3F
0-2: Strikes out swinging
Bottom of the 1st over - 0 runs, 1 hit, 0 errors, 1 left on base; Lake Elsinore 1 - Fresno 0
TOP OF THE 2ND
Lake Elsinore Storm batting - Pitching for Fresno Grizzlies : RHP Cameron Chivers
Batting: SHB Jim Blackwell 0-0: Called Strike
0-1: SINGLE (Line Drive, 5D, EV 103.1 MPH)
Batting: RHB Bruno Parker 0-0: Ball
Jim Blackwell steals 2nd, throwing error, E2
Jim Blackwell to third
1-0: Ball
2-0: Foul Ball, location: 2F
2-1: Ground out 5-3 (Groundball, 56, EV 85.6 MPH)
Batting: SHB Ken Chapman 0-0: Fly out, F8 (Flyball, 78M, EV 91.9 MPH)
Runner from 3rd tags up, SCORES, throw by CF
Batting: RHB Álex Herrera 0-0: Fly out, F3 (Popup, 3S, EV 76.3 MPH)
Top of the 2nd over - 1 run, 1 hit, 1 error, 0 left on base; Lake Elsinore 2 - Fresno 0
BOTTOM OF THE 2ND
Fresno Grizzlies batting - Pitching for Lake Elsinore Storm : RHP Jerry Myers
Batting: RHB Ben Fish 0-0: Ball
1-0: Called Strike
1-1: Ball
2-1: Foul Ball, location: 3F
2-2: Foul Ball, location: 5DF
2-2: Fly out, F9 (Flyball, 9LM, EV 96.3 MPH)
Batting: RHB José Gallegos 0-0: Fly out, F9 (Flyball, 9D, EV 77.5 MPH)
Batting: RHB Stan Holt 0-0: Ball
1-0: Foul Ball, location: 9LSF
1-1: Ball
2-1: SINGLE (Flyball, 8LM, EV 66.9 MPH)
Batting: RHB José Cortéz 0-0: Ball
1-0: Called Strike
1-1: Foul Ball, location: 2F
1-2: Foul Ball, location: 2F
1-2: Foul Ball, location: 2F
1-2: Foul Ball, location: 2F
1-2: Strikes out swinging
Bottom of the 2nd over - 0 runs, 1 hit, 0 errors, 1 left on base; Lake Elsinore 2 - Fresno 0
TOP OF THE 3RD
Lake Elsinore Storm batting - Pitching for Fresno Grizzlies : RHP Cameron Chivers
Batting: LHB Juan Fernández 0-0: Called Strike
0-1: Called Strike
0-2: Fly out, F7 (Flyball, 78M, EV 76.3 MPH)
Batting: LHB Rory Lowe 0-0: Foul Ball, location: 3F
0-1: Foul Ball, location: 3F
0-2: Ball
1-2: Ball
2-2: Ball
3-2: Strikes out swinging
Batting: RHB Bob Parks 0-0: Called Strike
0-1: Called Strike
0-2: Strikes out swinging
Top of the 3rd over - 0 runs, 0 hits, 0 errors, 0 left on base; Lake Elsinore 2 - Fresno 0
BOTTOM OF THE 3RD
Fresno Grizzlies batting - Pitching for Lake Elsinore Storm : RHP Jerry Myers
Batting: RHB Mauro Ramos 0-0: Fly out, F8 (Flyball, 8RM, EV 88.8 MPH)
Batting: LHB Luis Solís 0-0: Ball
1-0: Fly out, F7 (Flyball, 7S, EV 83.8 MPH)
Batting: RHB Jimmy Tessier 0-0: Ball
1-0: Called Strike
1-1: Fly out, F9 (Flyball, 9LS, EV 81.3 MPH)
Bottom of the 3rd over - 0 runs, 0 hits, 0 errors, 0 left on base; Lake Elsinore 2 - Fresno 0
TOP OF THE 4TH
Lake Elsinore Storm batting - Pitching for Fresno Grizzlies : RHP Cameron Chivers
Batting: LHB Greg Moran 0-0: Reached via error on a dropped throw from 2B, E3 (Groundball, 4D, EV 107.5 MPH)
Batting: RHB Randy Lang 0-0: Ball
Greg Moran steals 2nd base
1-0: Ball
2-0: Ball
3-0: Base on Balls
Batting: SHB Jim Blackwell 0-0: Ball
1-0: Called Strike
1-1: Ball
2-1: Swinging Strike
2-2: Ball
3-2: Foul Ball, location: 7LDF
3-2: Base on Balls
Greg Moran to third
Randy Lang to second
Batting: RHB Bruno Parker 0-0: Ball
1-0: Ball
2-0: Foul Ball, location: 3DF
2-1: Ball
3-1: Base on Balls
Greg Moran scores
Randy Lang to third
Jim Blackwell to second
Batting: SHB Ken Chapman 0-0: Called Strike
0-1: Ball
1-1: Called Strike
1-2: Strikes out looking
Batting: RHB Álex Herrera 0-0: Ball
1-0: TRIPLE (Flyball, 89XD, EV 108.8 MPH)
Randy Lang scores
Jim Blackwell scores
Bruno Parker scores
Pitching: RHP Leo Nancekevell
Batting: LHB Juan Fernández 0-0: Called Strike
0-1: Swinging Strike
0-2: Ground out 4-3 (Groundball, 4M, EV 89.4 MPH)
Álex Herrera scores
Batting: LHB Rory Lowe 0-0: Ball
1-0: Foul Ball, location: 7LMF
1-1: Foul Ball, location: 3F
1-2: Ball
2-2: Ball
3-2: Strikes out looking
Top of the 4th over - 5 runs, 1 hit, 1 error, 0 left on base; Lake Elsinore 7 - Fresno 0
BOTTOM OF THE 4TH
Fresno Grizzlies batting - Pitching for Lake Elsinore Storm : RHP Jerry Myers
Batting: RHB Juan Colón 0-0: Ball
1-0: Foul Ball, location: 3DF
1-1: Foul Ball, location: 25F
1-2: Strikes out swinging
Batting: LHB Esteban Rivera 0-0: Ball
1-0: Foul Ball, location: 2F
1-1: Called Strike
1-2: Ball
2-2: Fly out, F8 (Flyball, 8LD, EV 105.6 MPH)
Batting: RHB Ben Fish 0-0: Ball
1-0: Foul Ball, location: 2F
1-1: Ball
2-1: Swinging Strike
2-2: Ball
3-2: Foul Ball, location: 2F
3-2: Strikes out swinging
Bottom of the 4th over - 0 runs, 0 hits, 0 errors, 0 left on base; Lake Elsinore 7 - Fresno 0
TOP OF THE 5TH
Lake Elsinore Storm batting - Pitching for Fresno Grizzlies : RHP Leo Nancekevell
Batting: RHB Bob Parks 0-0: Ball
1-0: Fly out, F8 (Flyball, 8RS, EV 87.5 MPH)
Batting: LHB Greg Moran 0-0: Ball
1-0: Ball
2-0: Ball
3-0: Called Strike
3-1: Foul Ball, location: 5SF
3-2: Base on Balls
Batting: RHB Randy Lang 0-0: Called Strike
0-1: Ball
1-1: Called Strike
1-2: Grounds into double play, 4-6-3 (Groundball, 4, EV 79.4 MPH)
Top of the 5th over - 0 runs, 0 hits, 0 errors, 0 left on base; Lake Elsinore 7 - Fresno 0
BOTTOM OF THE 5TH
Fresno Grizzlies batting - Pitching for Lake Elsinore Storm : RHP Jerry Myers
Batting: RHB José Gallegos 0-0: SINGLE (Line Drive, 89S, EV 97.5 MPH)
Batting: RHB Stan Holt 0-0: Grounds into double play, 6-4-3 (Groundball, 6, EV 82.5 MPH)
Batting: RHB José Cortéz 0-0: Swinging Strike
0-1: Foul Ball, location: 2F
0-2: Strikes out swinging
Bottom of the 5th over - 0 runs, 1 hit, 0 errors, 0 left on base; Lake Elsinore 7 - Fresno 0
TOP OF THE 6TH
Lake Elsinore Storm batting - Pitching for Fresno Grizzlies : RHP Leo Nancekevell
Batting: SHB Jim Blackwell 0-0: Called Strike
0-1: Swinging Strike
0-2: Ball
1-2: Foul Ball, location: 9LMF
1-2: Foul Ball, location: 7LDF
1-2: Foul Ball, location: 2F
1-2: Foul Ball, location: 3F
1-2: Ball
2-2: Ball
3-2: Base on Balls
Batting: RHB Bruno Parker 0-0: Ball
1-0: SINGLE (Line Drive, 4D, EV 106.9 MPH)
Jim Blackwell to second
Batting: SHB Ken Chapman 0-0: Called Strike
0-1: Ball
1-1: Ball
2-1: Swinging Strike
2-2: Fly out, F5 (Popup, 56, EV 61.9 MPH)
Batting: RHB Álex Herrera 0-0: Ball
1-0: Foul Ball, location: 2F
1-1: Foul Ball, location: 9LDF
1-2: Fly out, F4 (Popup, 4S, EV 71.9 MPH)
Batting: LHB Juan Fernández 0-0: Ball
1-0: Ball
2-0: Foul Ball, location: 23F
2-1: Ball
3-1: Called Strike
3-2: Base on Balls
Jim Blackwell to third
Bruno Parker to second
Batting: LHB Rory Lowe 0-0: Foul Ball, location: 3FF
0-1: Ball
1-1: Ball
2-1: Ball
3-1: Called Strike
3-2: Strikes out looking
Top of the 6th over - 0 runs, 1 hit, 0 errors, 3 left on base; Lake Elsinore 7 - Fresno 0
BOTTOM OF THE 6TH
Fresno Grizzlies batting - Pitching for Lake Elsinore Storm : RHP Jerry Myers
Batting: RHB Mauro Ramos 0-0: Ball
1-0: Foul Ball, location: 9LMF
1-1: Ball
2-1: Ball
3-1: Base on Balls
Batting: LHB Luis Solís 0-0: Ball
1-0: Called Strike
1-1: Foul Ball, location: 7LDF
1-2: Foul Ball, location: 9LMF
1-2: Grounds into double play, 4-6-3 (Groundball, 4M, EV 78.8 MPH)
Batting: RHB Jimmy Tessier 0-0: DOUBLE (Line Drive, 89D, EV 108.1 MPH)
Batting: RHB Juan Colón 0-0: Foul Ball, location: 9LDF
0-1: Foul Ball, location: 2F
0-2: Strikes out looking
Bottom of the 6th over - 0 runs, 1 hit, 0 errors, 1 left on base; Lake Elsinore 7 - Fresno 0
TOP OF THE 7TH
Lake Elsinore Storm batting - Pitching for Fresno Grizzlies : RHP Leo Nancekevell
Batting: RHB Bob Parks 0-0: SINGLE (Flyball, 34D, EV 94.4 MPH)
Batting: LHB Greg Moran 0-0: Fielders Choice at 2nd, 3-6 (Groundball, 3, EV 103.1 MPH)
Batting: RHB Randy Lang 0-0: Ball
Greg Moran is caught stealing 2nd base 2-4
1-0: Ball
2-0: Swinging Strike
2-1: Foul Ball, location: 2F
2-2: Ball
3-2: Foul Ball, location: 5F
3-2: Base on Balls
Batting: SHB Jim Blackwell 0-0: Called Strike
0-1: Foul Ball, location: 7LSF
0-2: Ball
1-2: Foul Ball, location: 23F
1-2: Fielders Choice at 2nd, 5-4 (Groundball, 5, EV 92.5 MPH)
Top of the 7th over - 0 runs, 1 hit, 0 errors, 1 left on base; Lake Elsinore 7 - Fresno 0
BOTTOM OF THE 7TH
Fresno Grizzlies batting - Pitching for Lake Elsinore Storm : RHP Jerry Myers
Batting: LHB Esteban Rivera 0-0: Ball
1-0: Ball
2-0: Called Strike
2-1: SOLO HOME RUN (Flyball, 7D, EV 97.5 MPH), Distance : 375 ft
Batting: RHB Ben Fish 0-0: Ball
1-0: Ball
2-0: Foul Ball, location: 25FF
2-1: Ball
3-1: Swinging Strike
3-2: SINGLE (Line Drive, 56D, EV 105.0 MPH)
Pitching: RHP Gene Sheffield
Batting: RHB José Gallegos 0-0: Grounds into double play, 6-4-3 (Groundball, 6M, EV 86.9 MPH)
Batting: RHB Stan Holt 0-0: Ball
1-0: Swinging Strike
1-1: Swinging Strike
1-2: Ball
2-2: Strikes out swinging
Bottom of the 7th over - 1 run, 2 hits, 0 errors, 0 left on base; Lake Elsinore 7 - Fresno 1
TOP OF THE 8TH
Lake Elsinore Storm batting - Pitching for Fresno Grizzlies : RHP Leo Nancekevell
Batting: RHB Bruno Parker 0-0: Called Strike
0-1: Ball
1-1: Called Strike
1-2: Ground out 5-3 (Groundball, 56, EV 81.3 MPH)
Batting: SHB Ken Chapman 0-0: Ball
1-0: Ball
2-0: Swinging Strike
2-1: Swinging Strike
2-2: Foul Ball, location: 5DF
2-2: Ball
3-2: Base on Balls
Pitching: LHP Sergio Portillo
Batting: RHB Álex Herrera 0-0: Ball
1-0: DOUBLE (Flyball, 8RXD, EV 106.3 MPH)
Ken Chapman to third
Runner from 3rd tries for Home, throw by CF and OUT! 8-4-2
Batting: LHB Juan Fernández 0-0: Fly out, F9 (Flyball, 9S, EV 83.1 MPH)
Top of the 8th over - 0 runs, 1 hit, 0 errors, 1 left on base; Lake Elsinore 7 - Fresno 1
BOTTOM OF THE 8TH
Fresno Grizzlies batting - Pitching for Lake Elsinore Storm : RHP Gene Sheffield
Pinch Hitting: RHB Bobby Cox 0-0: Ball
1-0: Foul Ball, location: 9LDF
1-1: Swinging Strike
1-2: Foul Ball, location: 2F
1-2: Foul Ball, location: 2F
1-2: Foul Ball, location: 9LDF
1-2: Ball
2-2: Strikes out swinging
Pinch Hitting: RHB Joe Shorrock 0-0: Called Strike
0-1: Called Strike
0-2: Strikes out swinging
Batting: LHB Luis Solís 0-0: Ball
1-0: Swinging Strike
1-1: Called Strike
1-2: Foul Ball, location: 5FF
1-2: Strikes out swinging
Bottom of the 8th over - 0 runs, 0 hits, 0 errors, 0 left on base; Lake Elsinore 7 - Fresno 1
TOP OF THE 9TH
Lake Elsinore Storm batting - Pitching for Fresno Grizzlies : LHP Sergio Portillo
Now at 2B: Stan Holt
Now at SS: Joe Shorrock
Now in LF: Bobby Cox
Pinch Hitting: RHB Bo Sanders 0-0: Foul Ball, location: 2F
0-1: Called Strike
0-2: Foul Ball, location: 2F
0-2: SINGLE (Line Drive, 4D, EV 105.0 MPH)
Batting: RHB Bob Parks 0-0: Called Strike
0-1: Fly out, F9 (Line Drive, 9S, EV 101.3 MPH)
Batting: LHB Greg Moran 0-0: Called Strike
0-1: Ball
1-1: Ball
2-1: Foul Ball, location: 2F
2-2: Ball
3-2: Foul Ball, location: 3FF
3-2: Base on Balls
Bo Sanders to second
Batting: RHB Randy Lang 0-0: Called Strike
0-1: Ball
1-1: Foul Ball, location: 2LF
1-2: DOUBLE (Line Drive, 89D, EV 111.3 MPH)
Bo Sanders scores
Greg Moran to third
Batting: SHB Jim Blackwell 0-0: Foul Ball, location: 9LSF
0-1: Ball
1-1: Swinging Strike
1-2: Strikes out swinging
Batting: RHB Bruno Parker 0-0: Ball
1-0: Foul Ball, location: 9LMF
1-1: Swinging Strike
1-2: Fly out, F5 (Popup, 5S, EV 76.9 MPH)
Top of the 9th over - 1 run, 2 hits, 0 errors, 2 left on base; Lake Elsinore 8 - Fresno 1
BOTTOM OF THE 9TH
Fresno Grizzlies batting - Pitching for Lake Elsinore Storm : RHP Gene Sheffield
Now at 1B: Bo Sanders
Pinch Hitting: RHB Joe Thomas 0-0: Swinging Strike
0-1: Ball
1-1: Called Strike
1-2: Strikes out swinging
Pinch Hitting: RHB Aurelio González 0-0: Fly out, F1 (Line Drive, P, EV 71.9 MPH)
Batting: LHB Esteban Rivera 0-0: Ball
1-0: Ball
2-0: DOUBLE (Flyball, 8RXD, EV 106.9 MPH)
Batting: RHB Ben Fish 0-0: Ball
1-0: Swinging Strike
1-1: Swinging Strike
1-2: Ball
2-2: Foul Ball, location: 9LMF
2-2: Ball
3-2: Strikes out looking
Bottom of the 9th over - 0 runs, 1 hit, 0 errors, 1 left on base; Lake Elsinore 8 - Fresno 1
Friday, May 3rd , 2024 - OOTP Baseball 24.10 Build 82